 Dungeon Crawl Stone Soup version 0.29-a0-9-g022ca4c890 (webtiles) character file.

Game seed: 3051311661717932818

5307 Grim the Fencer (level 10, -17/88 (90) HPs)
             Began as a Minotaur Berserker on Jan 28, 2022.
             Was a Priest of Trog.
             Shot with an arrow by a centaur warrior (25 damage)
             ... on level 8 of the Dungeon.
             The game lasted 00:18:08 (8732 turns).

Grim the Fencer (Minotaur Berserker)                Turns: 8732, Time: 00:18:09

HP:   -17/88 (90)   AC: 15    Str: 22    XL:     10   Next: 37%
MP:   9/9           EV:  6    Int:  8    God:    Trog [***...]
Gold: 551           SH:  0    Dex: 10    Spells: 9/9 levels left

rFire   . . .      SeeInvis .   P - +3 falchion
rCold   . . .      Faith    .   (no shield)
rNeg    . . .      Spirit   .   H - +0 plate armour
rPois   +          Reflect  .   (helmet restricted)
rElec   .          Harm     .   (no cloak)
rCorr   +          Rampage  .   l - +2 pair of gloves
Will    ++...                   f - +0 pair of boots
Stlth   ..........              M - amulet of regeneration
HPRegen 2.04/turn               k - ring of poison resistance
MPRegen 0.11/turn               m - ring of resist corrosion

@: lethally poisoned (-17 -> -28), strong-willed, on berserk cooldown,
regenerating, slowed, lightly drained, very slow
A: horns 2, retaliatory headbutt
a: Renounce Religion, Berserk, Trog's Hand


You were on level 8 of the Dungeon.
You worshipped Trog.
Trog was most pleased with you.
You visited 1 branch of the dungeon, and saw 8 of its levels.
You also visited: Sewer and Ossuary.

You collected 551 gold pieces.

Inventory:

Hand Weapons
 a - a +0 falchion
 P - a +3 falchion (weapon)
Missiles
 c - 310 stones (quivered)
 i - 34 bolts
 j - 23 poisoned darts
 G - 23 sling bullets
 Q - a curare-tipped dart
Armour
 f - a +0 pair of boots (worn)
 l - a +2 pair of gloves (worn)
 H - a +0 plate armour (worn)
 L - a +0 kite shield
Jewellery
 k - a ring of poison resistance (left hand)
 m - a ring of resist corrosion (right hand)
 D - a ring of ice
 M - an amulet of regeneration (around neck)
Wands
 J - a wand of flame (10)
 K - a wand of paralysis (4)
Scrolls
 b - a scroll of brand weapon {unknown}
 g - 5 scrolls of teleportation {unknown}
 n - 2 scrolls of immolation {unknown}
 o - 9 scrolls of identify {unknown}
 p - 2 scrolls of magic mapping {unknown}
 t - 2 scrolls of fear {unknown}
 u - 2 scrolls of amnesia {unknown}
 y - a scroll of enchant armour {unknown}
 z - 2 scrolls of blinking {unknown}
 C - 2 scrolls of fog {unknown}
 E - a scroll of vulnerability {unknown}
Potions
 d - a potion of heal wounds
 e - 4 potions of mutation {unknown}
 h - a potion of invisibility {unknown}
 q - a potion of brilliance {unknown}
 r - 3 potions of attraction {unknown}
 s - a potion of lignification {unknown}
 v - 3 potions of flight {unknown}
 w - 2 potions of haste {unknown}
 x - 2 potions of magic {unknown}
 A - a potion of curing {unknown}
 B - a potion of might
 F - a potion of berserk rage
 I - a potion of degeneration {unknown}
 N - a potion of resistance {unknown}
 O - a potion of cancellation {unknown}


   Skills:
 * Level 8.8 Fighting
 - Level 15.7 Long Blades
 - Level 2.4 Armour
 - Level 2.1 Dodging
 + Level 5.4 Shields


You had 9 spell levels left.
You didn't know any spells.
Your spell library was empty.

Dungeon Overview and Level Annotations

Branches:
Dungeon (8/15)             Temple (0/1) D:6            Lair (0/6) D:8
  Sewer (visited)         Ossuary (visited)

Altars:
Cheibriados
Fedhas
Okawaru
Trog
Vehumet
Zin

Shops:
D:1 !


Innate Abilities, Weirdness & Mutations

You have a pair of horns on your head.
You reflexively headbutt those who attack you in melee.


Message History

* * * LOW HITPOINT WARNING * * *
The centaur warrior shoots an arrow.
The arrow hits you.
* * * LOW HITPOINT WARNING * * *
The goblin hits you but does no damage. The water moccasin barely misses you.
The centaur warrior shoots an arrow.
The arrow hits you!!
* * * LOW HITPOINT WARNING * * *
The water moccasin bites you but does no damage.
The centaur warrior shoots an arrow.
The arrow hits you!!
* * * LOW HITPOINT WARNING * * *
The goblin closely misses you. You furiously retaliate!
You headbutt the goblin.
You kill the goblin!
Trog accepts your kill.
The water moccasin bites you but does no damage.
The goblin hits you but does no damage.
You see here a +0 falchion.
You feel much better.
The centaur warrior shoots an arrow.
The arrow hits you!
* * * LOW HITPOINT WARNING * * *
The water moccasin bites you but does no damage.
The goblin barely misses you.
The centaur warrior shoots an arrow.
The arrow hits you.
* * * LOW HITPOINT WARNING * * *
The goblin hits you but does no damage. The water moccasin bites you.
* * * LOW HITPOINT WARNING * * *
You are poisoned.
The water moccasin poisons you! The goblin barely misses you.
You feel much better.
You feel very sick.
The centaur warrior shoots an arrow.
The arrow hits you!
* * * LOW HITPOINT WARNING * * *
The water moccasin bites you!
* * * LOW HITPOINT WARNING * * *
You are lethally poisoned!
The water moccasin poisons you!
The goblin hits you from afar with a +0 spear.
* * * LOW HITPOINT WARNING * * *
The goblin hits you from afar with a +0 spear.
* * * LOW HITPOINT WARNING * * *
The centaur warrior shoots an arrow.
The arrow hits you!!
You die...

..[##..# ######.########
............... ..
######..###### .#..(. ..# ##.#
# # #.#..# .[ ..#####.# ##.#
#.#..#..# ........##
#.#.####....#..### ...###...#
#...<....._.......# ...#
#.#.## .#.#@........#.#.# ..<#
#)#..##.#.).Sg..........##
####
#)##....#.#gcg..8........#
#)........#..............#
####..###.##......$......#
#......##...._...#....# ####
##...#.##......###....#
....###..##.#######)).)....###
♣......†....# ##)..†......


You could see a centaur warrior, a water moccasin and 3 goblins.

Vanquished Creatures
  Pikel (D:6)
  6 wyverns
  7 water moccasins
  4 black bears
  A sky beast (D:7)
  An ice beast (D:7)
  2 necrophages (D:8)
  2 wolves (D:8)
  A centaur (D:8)
  2 ogres
  A phantom (D:4)
  3 lemures (D:6)
  3 kobold brigands
  Blork the orc (D:6)
  2 bullfrogs (D:7)
  2 gnoll sergeants
  2 scorpions
  13 wights
  A howler monkey (D:7)
  An orc priest (D:5)
  A gnoll shaman (D:5)
  A jelly (D:5)
  A centaur skeleton (D:5)
  2 iguanas
  5 orc wizards
  A hound zombie (D:5)
  9 mummies
  14 gnolls
  4 adders
  A shadow imp (D:6)
  2 white imps
  2 ufetubi
  7 worms
  A dart slug (D:2)
  17 orcs
  3 ball pythons
  10 bats
  8 endoplasms
  6 giant cockroaches
  2 gnoll zombies (Ossuary)
  11 goblins
  12 hobgoblins
  3 jackals (D:4)
  4 quokkas
  2 frilled lizards
  2 hobgoblin zombies (Ossuary)
  15 kobolds
  2 kobold zombies (Ossuary)
  2 orc zombies (Ossuary)
  8 rats
214 creatures vanquished.

Vanquished Creatures (others)
  4 fungi (D:8)
  20 plants
24 creatures vanquished.

Grand Total: 238 creatures vanquished

Notes
Turn   | Place    | Note
-------+----------+-------------------------------------------
     0 | D:1      | Grim the Minotaur Berserker began the quest for the Orb.
     0 | D:1      | Reached XP level 1. HP: 19/19 MP: 0/0
    13 | D:1      | Found Rihoannar's Distillery.
   159 | D:1      | Reached skill level 4 in Long Blades
   483 | D:1      | Reached XP level 2. HP: 26/26 MP: 1/1
   885 | D:2      | Reached skill level 5 in Long Blades
   885 | D:2      | Reached XP level 3. HP: 13/31 MP: 2/2
  1599 | D:2      | Reached skill level 6 in Long Blades
  1599 | D:2      | Reached XP level 4. HP: 39/39 MP: 3/3
  1956 | D:2      | Reached ** piety under Trog
  2043 | D:3      | Found a faded altar of an unknown god.
  2147 | D:3      | Found a radiant altar of Vehumet.
  2302 | D:3      | Found a snail-covered altar of Cheibriados.
  2936 | D:4      | Found a glowing silver altar of Zin.
  2999 | D:4      | Noticed a phantom
  3009 | D:4      | Killed a phantom
  3010 | D:4      | Reached skill level 7 in Long Blades
  3010 | D:4      | Reached XP level 5. HP: 45/45 MP: 4/4
  3123 | D:4      | Found a sand-covered staircase.
  3132 | Ossuary  | Entered an ossuary
  3154 | Ossuary  | Reached skill level 8 in Long Blades
  3168 | Ossuary  | Reached XP level 6. HP: 28/51 MP: 5/5
  3917 | D:4      | Noticed a wyvern
  3923 | D:4      | Killed a wyvern
  3924 | D:4      | Reached skill level 9 in Long Blades
  4261 | D:4      | Reached XP level 7. HP: 49/57 MP: 6/6
  4441 | D:4      | Found an iron altar of Okawaru.
  4636 | D:5      | Entered Level 5 of the Dungeon
  4653 | D:5      | Reached skill level 10 in Long Blades
  4836 | D:5      | Reached *** piety under Trog
  4845 | D:5      | Found a glowing drain.
  4856 | Sewer    | Entered a sewer
  5082 | D:5      | Reached skill level 11 in Long Blades
  5776 | D:5      | Reached XP level 8. HP: 64/64 MP: 7/7
  6303 | D:6      | Reached skill level 12 in Long Blades
  6481 | D:6      | Noticed Pikel
  6501 | D:6      | Killed Pikel
  6502 | D:6      | Reached skill level 13 in Long Blades
  6547 | D:6      | Found a staircase to the Ecumenical Temple.
  6737 | D:6      | Noticed Blork the orc
  6742 | D:6      | Killed Blork the orc
  6743 | D:6      | Reached skill level 14 in Long Blades
  7087 | D:7      | Reached XP level 9. HP: 70/70 MP: 8/8
  7325 | D:7      | Reached skill level 15 in Long Blades
  7865 | D:7      | Identified the +7 short sword of Dithmenos's Delight
                  | {venom, Fly rN+ Will+ Str+4}
  7901 | D:7      | Reached skill level 1 in Shields
  8265 | D:8      | Reached skill level 5 in Fighting
  8441 | D:8      | Reached XP level 10. HP: 61/84 MP: 9/9
  8596 | D:8      | Found a staircase to the Lair.
  8635 | D:8      | Reached skill level 5 in Shields
  8689 | D:8      | Found a bloodstained altar of Trog.
  8704 | D:8      | Noticed a centaur warrior
  8722 | D:8      | Found a blossoming altar of Fedhas.
  8730 | D:8      | HP: 1/88 [centaur warrior/arrow (18)]
  8732 | D:8      | Shot with an arrow by a centaur warrior

Illustrated notes

Levels and vault maps discovered:
D:1:      dpeg_arrival_tiny_b, layout_loops_cross, serial_shops, shop
D:2:      layout_loops_cross, grunt_decor_one_mirror, st_stairs_12,
          minmay_increasing_density
D:3:      layout_loops_cross, nicolae_vehumet_altar_sigil, slow_altar_1,
          dreamdust_ecumenical_altar_grove, serial_forest,
          infiniplex_forest_lined_room_3, infiniplex_forest_clump_C,
          infiniplex_forest_straight_3, infiniplex_forest_end_1,
          infiniplex_forest_lined_2, infiniplex_forest_clump_double,
          infiniplex_forest_clump_C, minmay_between
D:4:      layout_basic, old_standard_altar, okawaru_altar_gauntlet_db,
          gup_ossuary_entry_pyramid
D:5:      layout_basic, gup_sewer_entry_bubbles
D:6:      layout_basic, minmay_temple_entry_mini_moons, uniq_pikel,
          uniq_blork_the_orc
D:7:      layout_loops_cross
D:8:      layout_basic, grunt_temple_overflow_open, minmay_lair_entry_grove,
          enter_bailey_5, uniq_joseph

Skill      XL: |  1  2  3  4  5  6  7  8  9 10 |
---------------+-------------------------------+-----
Long Blades    | 4 5 6 7 8 9 11 14 15 | 15.7
Fighting       | 6 8 |  8.8
Shields        | 3 5 |  5.4
Armour         | |  2.4
Dodging        | |  2.1

Action                   |  1- 3 |  4- 6 |  7- 9 | 10-12 || total
-------------------------+-------+-------+-------+-------++-------
Melee: Falchion          |    73 |   153 |   334 |   110 ||   670
       Headbutt          |     9 |    22 |    61 |    17 ||   109
       Punch             |       |     4 |     5 |     1 ||    10
Invok: Berserk           |     1 |     3 |    10 |     2 ||    16
       Trog's Hand       |       |       |     2 |     3 ||     5
  Use: Potion            |       |       |       |     4 ||     4
 Stab: Sleeping          |       |     1 |     1 |       ||     2
Armor: Animal skin       |    15 |    43 |    17 |       ||    75
       Plate armour      |       |       |   133 |    84 ||   217
       Chain mail        |       |       |     2 |       ||     2
Dodge: Dodged            |    47 |    61 |   103 |    36 ||   247

Table legend: (Time is in decaauts)
 A = Elapsed time spent in this place.
 B = Non-inter-level travel time spent in this place.
 C = Inter-level travel time spent in this place.
 D = Time resting spent in this place.
 E = Time spent auto-exploring this place.
 F = Levels seen in this place.
 G = Mean time per level.
                   A        B        C        D        E       F      G
               +--------+--------+--------+--------+--------+-----+--------+
         Total |   8771 |   8518 |    253 |   2180 |   4842 |  10 |  877.1 |
       Dungeon |   7951 |   7698 |    253 |   1732 |   4636 |   8 |  993.9 |
         Sewer |    179 |    179 |      0 |     73 |     40 |   1 |  179.0 |
       Ossuary |    641 |    641 |      0 |    374 |    166 |   1 |  641.0 |
               +--------+--------+--------+--------+--------+-----+--------+

Top non-repeatable levels by time:
     D:5: 1405 daAuts
     D:2: 1191 daAuts
     D:7: 1120 daAuts
     D:4: 1114 daAuts
     D:3: 893 daAuts
     D:6: 868 daAuts
     D:1: 827 daAuts
 Ossuary: 641 daAuts
     D:8: 530 daAuts
   Sewer: 179 daAuts
